Map: Мир спящих РВ

Players

Murena - Winner!

  • Race: Terran Terran
  • Spawn Location: 7:00

ИИ 1 (новичок)

  • Race: Terran Terran
  • Spawn Location: 1:00

VOD

Have the link to the VOD?

Description

Time

  • Played on: Aug. 17, 2019, 12:46 p.m.
  • Length: 17:52
Show
View Real Time Build Order
Export as new Build Order

Murena Terran - Winner!

Build Orders:  

Get SALT Encoding   

  12  0:01  SCV  
  13  0:13  SCV  
  14  0:21  Supply Depot  
  14  0:25  SCV  
  15  0:43  SCV  
  15  0:45  Barracks  
  16  0:53  Barracks  
  16  1:00  SCV  
  16  1:04  Refinery  
  17  1:12  SCV  
  18  1:23  Supply Depot  
  18  1:24  SCV  
  19  1:32  Marine  
  20  1:39  Orbital Command  
  20  1:45  Marine  
  21  1:54  Marine  
  22  1:59  Refinery  
  22  2:16  Command Center  
  22  2:20  Marine  
  22  2:21  Marine  
  24  2:25  SCV  
  25  2:36  Barracks  
  25  2:42  SCV  
  26  2:44  Barracks Tech Lab  
  26  2:49  Marine  
  27  2:57  SCV  
  28  3:04  Concussive Shells  
  28  3:06  Marauder  
  28  3:12  SCV  
  31  3:13  Barracks Reactor  
  31  3:19  Factory  
  31  3:22  Supply Depot  
  31  3:26  Barracks Reactor  
  31  3:29  Marauder  
  31  3:31  SCV  
  34  3:34  SCV  
  35  3:50  Marine x2  
  35  3:52  Marauder  
  35  3:53  SCV  
  35  3:54  SCV  
  41  4:04  Factory Tech Lab  
  41  4:11  Starport  
  41  4:13  SCV  
  41  4:16  Orbital Command  
  42  4:19  Marauder  
  44  4:28  Marine x3  
  44  4:29  Marine  
  48  4:33  Combat Shield  
  48  4:35  SCV  
  49  4:40  Marauder  
  49  4:43  SCV  
  52  4:47  SCV  
  52  4:48  Supply Depot  
  52  4:50  Marine  
  54  4:58  Starport  
  54  5:04  Starport Reactor  
  54  5:09  Supply Depot  
  54  5:10  SCV x2, Marine  
  57  5:14  Bunker  
  57  5:17  Marine x3  
  57  5:18  Marine  
  61  5:22  SCV  
  61  5:25  Supply Depot  
  62  5:31  SCV  
  62  5:34  Cyclone  
  66  5:36  SCV  
  66  5:41  Medivac  
  66  5:42  Starport Reactor  
  69  5:43  SCV  
  69  5:46  Medivac  
  72  5:55  Refinery  
  72  5:56  Refinery, SCV x2  
  74  6:02  Marauder, Marine  
  74  6:03  Marine  
  78  6:29  SCV  
  78  6:30  Command Center, Supply Depot x2, Marine  
  78  6:31  Medivac, Marine  
  76  6:33  Liberator  
  61  6:46  Marauder, Marine  
  61  6:47  Marine  
  57  6:49  Cyclone  
  57  6:53  Marine x2  
  66  7:03  Barracks  
  66  7:06  Starport, Barracks  
  61  7:20  Marine x3  
  35  7:38  SCV  
  35  7:40  Marine x3  
  36  7:51  Viking  
  37  7:52  Marine  
  37  7:58  Marine x3  
  34  7:59  Marine  
  37  8:06  Stimpack  
  37  8:12  SCV  
  34  8:15  Cyclone  
  34  8:22  Viking x2  
  34  8:24  SCV  
  39  8:36  SCV  
  39  8:41  Marine x4  
  36  8:47  Viking  
  36  8:48  Marine, Hellion  
  38  9:05  SCV  
  39  9:17  SCV  
  40  9:28  Command Center  
  40  9:29  SCV  
  41  9:36  SCV  
  42  9:42  SCV  
  43  9:48  Marine x2  
  43  9:52  Liberator  
  45  10:00  Siege Tank  
  45  10:05  Starport Tech Lab  
  51  10:19  Medivac  
  53  10:26  Liberator  
  53  10:33  Bunker  
  53  10:42  Siege Tank  
  56  10:46  SCV  
  60  10:53  Orbital Command  
  60  11:20  SCV x3  
  63  11:30  Liberator  
  63  11:32  SCV x2, Liberator  
  65  11:35  Marine x4  
  65  11:36  Marine  
  65  11:38  Siege Tank  
  73  11:43  SCV  
  73  11:44  SCV x2  
  76  11:52  Marine  
  83  12:11  SCV x3  
  83  12:15  Siege Tank  
  89  12:22  Marine x3  
  91  12:23  SCV  
  93  12:31  Supply Depot  
  93  12:34  Supply Depot  
  93  12:36  Supply Depot  
  93  12:47  Marine  
  89  12:55  Marine x4  
  92  13:01  Siege Tank  
  92  13:05  Marine  
  81  13:13  Marine x2  
  81  13:14  Marine x2  
  76  13:23  Marine  
  73  13:31  Marine x2  
  73  13:32  Marine x2  
  77  13:38  Liberator x2  
  77  13:39  Liberator x2  
  77  13:41  Marine  
  78  13:48  Fusion Core  
  78  13:49  Marine x2  
  78  13:52  Banshee  
  84  14:33  Marine x5  
  87  14:50  Marine  
  87  14:51  Marine x4  
  91  15:08  Marine x2  
  91  15:09  SCV, Marine x2  
  91  15:10  SCV  
  96  15:21  SCV  
  96  15:22  SCV  
  98  15:33  SCV  
  99  15:53  Marine x3  
  102  16:02  Supply Depot x2  
  102  16:23  Marine x5  
  107  16:43  Command Center  
  107  17:16  Marine x3  
  107  17:17  Marine x2  
  107  17:22  Hellion  
  114  17:34  Marine  
Show
View Real Time Build Order
Export as new Build Order

ИИ 1 (новичок) Terran 

Build Orders: 2 Factory 

Get SALT Encoding   

  12  0:00  SCV  
  13  0:12  Refinery  
  13  0:16  SCV  
  14  0:26  Supply Depot  
  14  0:29  SCV  
  15  0:48  SCV  
  16  0:53  Barracks  
  16  0:58  Refinery  
  16  1:00  SCV  
  17  1:12  SCV  
  18  1:24  SCV  
  19  1:36  SCV  
  20  1:42  Marine  
  20  1:43  Factory  
  20  1:44  Supply Depot  
  21  1:48  SCV  
  22  2:00  Marine  
  23  2:06  Factory  
  23  2:09  SCV  
  24  2:18  Marine  
  24  2:21  SCV  
  26  2:27  Factory Tech Lab  
  26  2:37  Armory  
  26  2:38  Barracks Reactor  
  26  2:44  Supply Depot  
  26  2:49  Factory Tech Lab  
  26  2:56  Orbital Command  
  26  3:24  Thor  
  32  3:34  Thor  
  38  3:44  Supply Depot, Marine  
  39  3:48  Supply Depot  
  39  4:07  Thor  
  45  4:16  Marine  
  46  4:25  Marine  
  47  4:35  Marine  
  48  4:41  Supply Depot  
  48  4:44  Marine  
  49  4:45  Supply Depot  
  49  4:53  Thor  
  49  4:56  Barracks  
  55  5:03  SCV, Marine  
  57  5:12  Marine  
  58  5:15  SCV  
  59  5:28  SCV  
  60  5:41  SCV  
  61  6:04  Barracks Tech Lab, Hellion  
  63  6:06  Starport  
  63  6:10  Barracks  
  63  6:14  Starport, Command Center  
  63  6:16  Supply Depot  
  63  6:24  Marauder  
  59  6:33  Marine  
  59  6:39  Marine  
  52  6:42  Medivac  
  52  6:45  Marine  
  54  6:51  Marine  
  55  6:54  Starport  
  55  6:55  Starport Tech Lab  
  55  6:58  Barracks Tech Lab  
  55  7:03  Marauder, Marine  
  58  7:09  Marine  
  58  7:13  Starport Tech Lab  
  59  7:16  Marine  
  59  7:22  Marine  
  61  7:28  Marine  
  62  7:35  Marauder  
  64  7:41  Marauder  
  66  7:44  Medivac  
  70  7:51  Hellion  
  70  7:53  SCV  
  70  7:58  Marine  
  72  8:00  SCV  
  72  8:04  Marine  
  74  8:07  SCV  
  74  8:09  Marine  
  64  8:21  Thor  
  70  8:35  Thor  
  70  8:37  SCV  
  70  8:41  Marine  
  77  8:44  SCV  
  77  8:47  Marine  
  80  8:51  SCV  
  80  8:52  Marine  
  82  8:57  Supply Depot  
  82  8:58  Marine  
  82  8:59  SCV  
  78  9:04  Marine  
  78  9:06  SCV  
  80  9:13  Thor  
  80  9:15  SCV  
  87  9:18  Marine  
  87  9:22  SCV  
  89  9:25  Marauder  
  89  9:29  SCV, Supply Depot  
  94  9:31  Marauder  
  94  9:43  Medivac  
  96  9:46  Marauder  
  96  9:51  Medivac  
  96  9:52  Refinery  
  102  9:53  Marauder, Hellion  
  102  9:57  Supply Depot  
  102  9:59  Hellion  
  106  10:09  Refinery  
  106  10:15  SCV  
  107  10:22  SCV, Supply Depot  
  107  10:24  Thor  
  114  10:29  SCV  
  115  10:36  SCV  
  116  10:44  SCV  
  116  10:45  Thor  
  116  10:46  Supply Depot  
  123  11:07  Thor  
  123  11:11  Supply Depot  
  129  11:32  Thor  
  135  11:34  Supply Depot  
  135  11:41  Raven  
  137  11:58  Supply Depot  
  137  11:59  Raven  
  139  12:10  Barracks  
  139  12:13  Siege Tank  
  142  12:24  Command Center, Siege Tank, Supply Depot  
  145  12:43  Marine  
  146  12:45  Siege Tank  
  146  12:46  Marine  
  146  12:49  Marine, Factory  
  146  12:50  Supply Depot  
  151  12:52  Marine  
  151  12:58  Barracks Tech Lab, Factory  
  152  13:00  Barracks  
  152  13:03  Marine  
  149  13:06  Marine  
  149  13:09  Starport, Marine  
  149  13:10  Starport Tech Lab  
  149  13:12  Marine  
  131  13:18  Marine  
  91  13:21  Marine  
  91  13:24  Marine  
  81  13:28  Marine  
  81  13:30  Marine  
  81  13:32  Siege Tank, Factory Tech Lab  
  86  13:38  Marine  
  86  13:39  Marine  
  88  13:44  Marine  
  88  13:46  Marine  
  88  13:48  Marine  
  91  13:50  Siege Tank  
  91  13:53  Siege Tank  
  97  13:56  Marine  
  97  13:58  Refinery  
  97  13:59  Refinery, Marine  
  97  14:02  Marine  
  100  14:05  Marine  
  100  14:06  Raven  
  100  14:17  Barracks Tech Lab  
  100  14:18  Marine  
  100  14:21  Marine  
  100  14:24  SCV  
  84  14:25  Marine  
  84  14:29  Siege Tank  
  70  14:31  SCV  
  70  14:33  Marine  
  70  14:37  Marine  
  50  14:40  Marine  
  50  14:42  Marine  
  50  14:45  SCV  
  41  14:46  Marine  
  41  14:49  Marine  
  41  14:52  Marine  
  41  14:53  SCV  
  41  14:57  Marine  
  35  15:00  SCV, Marine  
  35  15:04  Marine  
  33  15:08  SCV  
  33  15:10  Marine  
  30  15:15  SCV  
  30  15:16  Command Center  
  29  15:23  SCV  
  25  15:33  Viking  
  14  16:02  Hellion  
  12  16:25  SCV  
  11  16:30  Marine  
  11  16:32  SCV  
  11  16:39  SCV  
  12  16:46  SCV  
  13  16:53  SCV  
  12  17:00  SCV  
  13  17:08  SCV  
  13  17:15  SCV  
  13  17:28  Marine  
  13  17:29  SCV  
  10  17:42  Command Center  
Tags
 
Add a new tag
Caveats
  • Supply blocks, unpowered buildings, or Contaminate may cause inaccurate times.
  • Supply counts are checked every 10 seconds.